 Dungeon Crawl Stone Soup version 0.19-a0-722-g27ac516 (webtiles) character file.

43790 Ijustatesigmund the Destroyer (level 13, -3/72 HPs)
             Began as a Deep Elf Conjurer on June 21, 2016.
             Was a High Priest of Vehumet.
             Slain by a komodo dragon (22 damage)
             ... on level 6 of the Lair of Beasts.
             The game lasted 02:35:43 (24838 turns).

Ijustatesigmund the Destroyer (Deep Elf Conjurer)  Turns: 24838, Time: 02:35:44

Health: -3/72      AC: 18    Str:  5    XL:     13   Next: 92%
Magic:  26/38      EV: 18    Int: 25    God:    Vehumet [*****.]
Gold:   1106       SH:  9    Dex: 17    Spells: 10 memorised, 4 levels left

rFire  . . .     SeeInvis .     S - +2 dagger (protect)
rCold  . . .     Gourm    .     J - +2 robe {Archmagi}
rNeg   . . .     Faith    .     G - +0 buckler
rPois  .         Spirit   .     Z - +1 hat {MR+}
rElec  .         Dismiss  .     t - +1 cloak
rCorr  .         Reflect  +     H - +2 pair of gloves "Unodgh" {+Blink Int+3}
SustAt .         Harm     .     Y - +1 pair of boots
MR     ++...                    r - +3 amulet of reflection
Stlth  ++++......               y - ring of magical power
                                A - ring of wizardry

@: very resistant to hostile enchantments, stealthy
A: talons 1, clumsy 1
a: Renounce Religion, Evoke Blink


You were on level 6 of the Lair of Beasts.
You worshipped Vehumet.
Vehumet was extremely pleased with you.
You were not hungry.

You visited 3 branches of the dungeon, and saw 20 of its levels.

You collected 2010 gold pieces.
You spent 904 gold pieces at shops.

Inventory:

Hand Weapons
 p - a +7 dagger
 S - a +2 dagger of protection (weapon)
Missiles
 w - a throwing net (quivered)
 X - 13 javelins
Armour
 t - a +1 cloak (worn)
 G - a +0 buckler (worn)
 H - the +2 pair of gloves "Unodgh" (worn) {+Blink Int+3}
   (You acquired it on level 2 of the Lair of Beasts)

   It affects your intelligence (+3).
   It lets you blink.
 J - a +2 robe of the Archmagi (worn)
 O - a +1 troll leather armour
 Y - a +1 pair of boots (worn)
 Z - a +1 hat of magic resistance (worn)
Jewellery
 a - an uncursed amulet of guardian spirit {unknown}
 r - a +3 amulet of reflection (around neck)
 u - an uncursed ring of protection from fire
 v - an uncursed ring of see invisible
 y - a ring of magical power (right hand)
 A - a ring of wizardry (left hand)
 B - an uncursed ring of fire
 I - an uncursed ring of ice
Wands
 b - a wand of acid (7/15)
 d - a wand of teleportation (8/9)
 q - a wand of slowing (17/48)
 D - a wand of confusion (30/48)
 K - a wand of digging (7/24)
 L - a wand of lightning (14/15)
 T - a wand of digging (16/24)
 V - a wand of disintegration (6/24)
Scrolls
 k - a scroll of amnesia
 o - 2 scrolls of teleportation
 C - 5 scrolls of remove curse
 N - 2 scrolls of fog
 R - a scroll of fear
 U - a scroll of immolation
Potions
 e - 4 potions of might
 f - 3 potions of flight
 g - 4 potions of haste
 h - 4 potions of curing
 j - 3 potions of agility
 l - 3 potions of cure mutation
 m - a potion of lignification
 n - a potion of beneficial mutation {unknown}
 s - 5 potions of brilliance
 z - a potion of mutation {unknown}
 F - a potion of invisibility
 P - 2 potions of heal wounds {unknown}
 Q - a potion of magic
 W - a potion of cancellation
Books
 x - a Fen Folio

   Spells                             Type                      Level
   a - Corpse Rot                     Necromancy                   2
   b - Stone Arrow                    Conjuration/Earth            3
   c - Leda's Liquefaction            Hexes/Earth                  4
   d - Summon Forest                  Summoning/Translocation      5
   e - Hydra Form                     Transmutation                6
   f - Summon Hydra                   Summoning                    7
Comestibles
 c - 8 bread rations
 i - 8 meat rations
 E - 3 royal jellies


   Skills:
 + Level 5.3 Fighting
 - Level 5.6 Short Blades
 - Level 4.6 Armour
 - Level 8.2 Dodging
 - Level 7.8 Stealth
 - Level 5.0 Shields
 + Level 10.6 Spellcasting
 - Level 12.0 Conjurations
 + Level 9.4 Hexes
 - Level 9.1 Charms
 - Level 5.2 Summonings
 - Level 7.4 Ice Magic
 - Level 8.2 Evocations


You had 4 spell levels left.
You knew the following spells:

 Your Spells              Type           Power        Failure   Level  Hunger
a - Magic Dart            Conj           ####         1%          1    None
b - Searing Ray           Conj           ######       1%          2    None
c - Dazzling Spray        Conj/Hex       ######       1%          3    None
d - Iskenderun's Battles  Conj/Chrm      #######.     1%          5    ####...
e - Iskenderun's Mystic   Conj           #######.     1%          4    None
f - Mephitic Cloud        Conj/Pois/Air  #####...     1%          3    None
g - Metabolic Englaciati  Hex/Ice        ######....   1%          5    ####...
h - Fulminant Prism       Conj/Hex       #######...   1%          4    None
i - Apportation           Tloc           ###.......   2%          1    None
j - Summon Butterflies    Summ           ######..     1%          1    None


Dungeon Overview and Level Annotations

Branches:
Dungeon (12/15)            Temple (0/1) D:6            Lair (6/6) D:11
  Swamp (0/4) Lair:3        Snake (0/4) Lair:3        Slime (0/5) Lair:5
    Orc (2/2) D:11            Elf (0/3) Orc:2

Altars:
Ashenzari
Cheibriados
Dithmenos
Elyvilon
Gozag
Hepliaklqana
Kikubaaqudgha
Makhleb
Okawaru
Ru
Trog
Uskayaw
Vehumet
Yredelemnul
Zin
Beogh
Jiyva

Shops:
D:8 [   D:9 [   Orc:2 ::![:=!

Annotations:
Orc:2 tstbtto's ghost, adept GrFi


Innate Abilities, Weirdness & Mutations

You have sharp toenails.
You are clumsy. (Dex -2)


Message History

The komodo dragon is almost dead.
The komodo dragon barely misses you.
Casting: Magic Dart
Confirm with . or Enter, or press ? or * to list all spells.
Aiming: Magic Dart
Press: ? - help, Shift-Dir - straight line, f/p - komodo dragon
Aim: a komodo dragon (almost dead)
You feel a surge of power!
The magic dart hits the komodo dragon.
The komodo dragon is almost dead.
The komodo dragon bites you!!
* * * LOW HITPOINT WARNING * * *
Casting: Magic Dart
Confirm with . or Enter, or press ? or * to list all spells.
Aiming: Magic Dart
Press: ? - help, Shift-Dir - straight line, f/p - komodo dragon
Aim: a komodo dragon (almost dead)
You feel a surge of power!
The magic dart hits the komodo dragon.
The komodo dragon is almost dead.
The komodo dragon bites you!!
You die...

.... ......###.#.. .....
......... ..... #.
...... .?......# .....
....... ........##.....
....... ............$..
....... ...............
....... ...............
....†.. ........l.......
............ #.@....#.
..#..#......###.........
.....#....PP#.#.........
...P....................
........................
........................
........................
........................
......)................


You could see a komodo dragon.

Vanquished Creatures
  Gastronok (Lair:1)
  The ghost of tstbtto the Severer, a journeyman HOFi of Uskayaw (Lair:6)
  An ettin (Orc:1)
  An ice dragon (Lair:5)
  2 hydras
  A centaur warrior (D:11)
  3 orc high priests
  A hill giant (D:10)
  A lindwurm (Lair:5)
  A necromancer (D:10)
  3 orc knights
  3 orc sorcerers
  2 cyclopes
  A griffon (Lair:3)
  An ugly thing (D:10)
  15 elephants
  2 centaur zombies (D:11)
  Psyche (D:9)
  6 spiny frogs
  A kobold demonologist (D:7)
  2 rime drakes (Lair:5)
  A centaur skeleton (D:10)
  2 komodo dragons
  A queen bee (D:8)
  A meliai (D:11)
  2 trolls
  22 blink frogs
  3 two-headed ogres
  15 yaks
  3 basilisks
  A steam dragon (D:9)
  3 hippogriffs
  5 wargs
  Edmund (D:6)
  3 nagas (Lair:3)
  5 water moccasins
  2 ice beasts
  4 porcupines
  26 orc warriors
  A wasp (D:10)
  2 sky beasts
  A phantom (D:11)
  4 centaurs
  7 ogres
  9 crocodiles
  2 big kobolds
  14 giant frogs
  Blork the orc (D:6)
  5 scorpions
  A water moccasin skeleton (D:10)
  27 killer bees
  A howler monkey (D:11)
  3 electric eels
  2 crimson imps
  3 giant frog zombies
  4 hounds
  3 jellies
  19 orc priests
  A wasp zombie (D:8)
  A quasit (D:11)
  4 giant frog skeletons
  A gnoll shaman (D:8)
  20 orc wizards
  7 iguanas
  13 worker ants
  2 polar bear simulacra (D:10)
  2 yak simulacra (D:10)
  5 wolf simulacra (D:10)
  5 sheep (Lair:3)
  A hound zombie (D:9)
  3 gnolls (D:8)
  20 adders
  36 river rats
  5 shadow imps
  An ooze (D:1)
  3 adder skeletons
  3 worms
  4 dart slugs
  4 giant geckos
  74 orcs
  8 giant cockroaches
  9 goblins
  9 hobgoblins
  9 jackals
  4 quokkas
  3 ball pythons
  6 bats
  A giant gecko zombie (D:6)
  5 giant newts
  A jackal skeleton (D:8)
  14 kobolds
  2 quokka skeletons
  4 rats
  2 river rat simulacra (D:10)
  2 fungi (Lair:6)
553 creatures vanquished.

Vanquished Creatures (others)
  A centaur (D:10)
  An orc (D:5)
  A fulminant prism (Lair:3)
  5 fungi
  A plant (Lair:4)
9 creatures vanquished.

Grand Total: 562 creatures vanquished

Notes
Turn   | Place    | Note
--------------------------------------------------------------
     0 | D:1      | Ijustatesigmund the Deep Elf Conjurer began the quest for the Orb.
     0 | D:1      | Reached XP level 1. HP: 10/10 MP: 6/6
   622 | D:1      | Reached XP level 2. HP: 15/15 MP: 6/8
   664 | D:1      | Learned a level 2 spell: Searing Ray
  1297 | D:2      | Reached XP level 3. HP: 19/19 MP: 6/9
  1327 | D:2      | Learned a level 3 spell: Dazzling Spray
  1597 | D:2      | Reached skill level 1 in Hexes
  1610 | D:2      | Reached skill level 5 in Conjurations
  1752 | D:2      | Reached XP level 4. HP: 24/24 MP: 5/10
  2228 | D:2      | Found a burning altar of Makhleb.
  2288 | D:2      | Found a radiant altar of Vehumet.
  2288 | D:2      | Found a hazy altar of Hepliaklqana.
  2288 | D:2      | Found a basalt altar of Yredelemnul.
  2290 | D:2      | Found a hide-covered altar of Uskayaw.
  2290 | D:2      | Found a bloodstained altar of Trog.
  2354 | D:2      | Became a worshipper of Vehumet
  2384 | D:2      | Found a shattered altar of Ashenzari.
  2909 | D:3      | Reached XP level 5. HP: 28/28 MP: 7/11
  3212 | D:3      | Reached skill level 1 in Fighting
  3212 | D:3      | Reached skill level 1 in Short Blades
  4136 | D:4      | Reached * piety under Vehumet
  4136 | D:4      | Offered knowledge of Sandblast by Vehumet.
  4139 | D:4      | Reached XP level 6. HP: 23/34 MP: 4/13
  4309 | D:4      | Learned a level 5 spell: Iskenderun's Battlesphere
  4405 | D:4      | Reached skill level 1 in Charms
  4685 | D:4      | Found an opulent altar of Gozag.
  4833 | D:4      | Found a sacrificial altar of Ru.
  4986 | D:4      | Reached skill level 5 in Charms
  5378 | D:5      | Entered Level 5 of the Dungeon
  5393 | D:5      | Found an iron altar of Okawaru.
  5402 | D:5      | Reached XP level 7. HP: 27/38 MP: 5/14
  6162 | D:5      | Reached skill level 6 in Conjurations
  6273 | D:5      | Found Solae's Book Shoppe.
  6390 | D:5      | Got a smoking chain mail
  6723 | D:5      | Identified the cursed +0 chain mail of the Grey Skies {rElec rF+ Str+3 Dex-5} (You found it on level 5 of the Dungeon)
  6921 | D:6      | Found an ancient bone altar of Kikubaaqudgha.
  6944 | D:6      | Reached skill level 5 in Hexes
  7043 | D:6      | Found a staircase to the Ecumenical Temple.
  7068 | D:6      | Noticed Blork the orc
  7074 | D:6      | Killed Blork the orc
  7323 | D:6      | Noticed Edmund
  7332 | D:6      | Killed Edmund
  7332 | D:6      | Reached skill level 7 in Conjurations
  7332 | D:6      | Reached XP level 8. HP: 43/43 MP: 5/16
  7921 | D:7      | Reached ** piety under Vehumet
  8384 | D:7      | Offered knowledge of Throw Frost by Vehumet.
  8402 | D:7      | Learned a level 4 spell: Iskenderun's Mystic Blast
  8850 | D:8      | Noticed a two-headed ogre
  8857 | D:8      | Killed a two-headed ogre
  8857 | D:8      | Reached skill level 5 in Dodging
  8915 | D:8      | Gained mutation: You expend magic power (3 MP) to strengthen your wands. [mutagenic meat]
  8984 | D:8      | Reached XP level 9. HP: 50/50 MP: 9/17
  9094 | D:8      | Gained mutation: Armour fits poorly on your strangely shaped body. [mutagenic meat]
  9095 | D:8      | Lost mutation: Armour fits poorly on your strangely shaped body. [potion of cure mutation]
  9095 | D:8      | Lost mutation: You expend magic power (3 MP) to strengthen your wands. [potion of cure mutation]
  9216 | D:8      | Found Bailuthru's Armour Emporium.
  9222 | D:8      | Bought a +0 buckler for 58 gold pieces
  9222 | D:8      | Bought a +1 robe of magic resistance for 165 gold pieces
  9336 | D:8      | Reached skill level 1 in Shields
  9337 | D:8      | Noticed a queen bee
  9602 | D:8      | Noticed a kobold demonologist
  9611 | D:8      | Noticed a soul eater
  9618 | D:7      | Killed a kobold demonologist
  9989 | D:8      | Killed a queen bee
 10273 | D:8      | Reached skill level 5 in Stealth
 10273 | D:8      | Reached skill level 8 in Conjurations
 11070 | D:9      | Noticed Psyche
 11078 | D:9      | Killed Psyche
 11078 | D:9      | Reached skill level 9 in Conjurations
 11078 | D:9      | Reached XP level 10. HP: 56/56 MP: 16/18
 11115 | D:9      | Offered knowledge of Stone Arrow by Vehumet.
 11258 | D:9      | Found a white marble altar of Elyvilon.
 11293 | D:9      | Found Tocal's Armour Boutique.
 11324 | D:9      | Reached *** piety under Vehumet
 11456 | D:9      | Reached skill level 10 in Conjurations
 11574 | D:9      | Found a snail-covered altar of Cheibriados.
 11812 | D:9      | Found a glowing silver altar of Zin.
 11817 | D:9      | Offered knowledge of Mephitic Cloud by Vehumet.
 11857 | D:10     | Entered Level 10 of the Dungeon
 11924 | D:10     | Gained mutation: You have sharp toenails. [mutagenic meat]
 11999 | D:10     | Learned a level 3 spell: Mephitic Cloud
 12047 | D:10     | Reached skill level 5 in Spellcasting
 12196 | D:10     | Noticed a white ugly thing
 12213 | D:10     | Killed a white ugly thing
 12550 | D:10     | Noticed a necromancer
 12568 | D:10     | Killed a necromancer
 12590 | D:10     | Reached **** piety under Vehumet
 12776 | D:10     | Offered knowledge of Bolt of Magma by Vehumet.
 12962 | D:10     | Noticed a hill giant
 13134 | D:10     | Killed a hill giant
 13203 | D:10     | Reached XP level 11. HP: 60/60 MP: 24/26
 13247 | D:11     | Learned a level 5 spell: Metabolic Englaciation
 13333 | D:11     | Reached skill level 1 in Ice Magic
 13883 | D:11     | Found a staircase to the Orcish Mines.
 14045 | D:11     | Found a staircase to the Lair.
 14479 | D:11     | Noticed a centaur warrior
 14484 | D:11     | Killed a centaur warrior
 14484 | D:11     | Reached skill level 5 in Ice Magic
 14661 | D:11     | Reached ***** piety under Vehumet
 14661 | D:11     | Offered knowledge of Airstrike by Vehumet.
 14728 | D:12     | Noticed a hill giant
 15037 | Orc:1    | Entered Level 1 of the Orcish Mines
 15037 | Orc:1    | Noticed an ettin
 15049 | Lair:1   | Entered Level 1 of the Lair of Beasts
 15060 | Lair:1   | Learned a level 4 spell: Fulminant Prism
 15606 | Lair:1   | Noticed Gastronok
 16437 | Lair:2   | Reached skill level 1 in Armour
 16512 | Lair:2   | Identified a scroll of acquirement
 16515 | Lair:2   | Got a pair of spiked gloves
 16526 | Lair:2   | Identified the +2 pair of gloves "Unodgh" {+Blink Int+3} (You acquired it on level 2 of the Lair of Beasts)
 16554 | Lair:2   | Noticed a seven-headed hydra
 16564 | Lair:2   | Killed a seven-headed hydra
 16564 | Lair:2   | Reached skill level 1 in Evocations
 16615 | Lair:2   | Reached XP level 12. HP: 66/66 MP: 24/27
 16670 | Lair:2   | Learned a level 1 spell: Apportation
 16672 | Lair:2   | Learned a level 1 spell: Summon Butterflies
 16983 | Lair:3   | Found a staircase to the Swamp.
 17101 | Lair:3   | Got a fine robe
 17132 | Lair:2   | Identified the cursed +1 robe of Okawaru's Favour {rElec} (You found it on level 3 of the Lair of Beasts)
 17316 | Lair:1   | Killed Gastronok
 17834 | Lair:3   | Reached skill level 1 in Summonings
 17863 | Lair:3   | Found a shadowy altar of Dithmenos.
 17881 | Lair:3   | Found a staircase to the Snake Pit.
 17886 | Lair:3   | Reached skill level 5 in Evocations
 18634 | Lair:4   | Reached skill level 5 in Summonings
 18781 | Lair:4   | Noticed a death yak
 18783 | Lair:4   | Noticed a death yak
 18945 | Orc:2    | Entered Level 2 of the Orcish Mines
 19082 | Orc:2    | Found a roughly hewn altar of Beogh.
 19083 | Orc:2    | Noticed an orc high priest
 19204 | Orc:1    | Offered knowledge of Poisonous Cloud by Vehumet.
 19401 | Orc:1    | Killed an ettin
 19401 | Orc:1    | Reached skill level 10 in Spellcasting
 19655 | Orc:1    | Found a bloodstained altar of Trog.
 19942 | Orc:2    | Found a roughly hewn altar of Beogh.
 19955 | Orc:2    | Killed an orc high priest
 19955 | Orc:2    | Reached XP level 13. HP: 70/70 MP: 20/29
 20052 | Orc:2    | Found Wiuhaq's Jewellery Boutique.
 20063 | Orc:2    | Found Fawafafa's Distillery.
 20064 | Orc:2    | Found a staircase to the Elven Halls.
 20073 | Orc:2    | Bought a potion of invisibility for 120 gold pieces
 20073 | Orc:2    | Bought a potion of brilliance for 60 gold pieces
 20083 | Orc:2    | Noticed tstbtto's ghost (adept GrFi)
 20522 | Orc:2    | Found a roughly hewn altar of Beogh.
 20540 | Orc:2    | Found Doarochu's Book Shoppe.
 20693 | Orc:2    | Found Rirr's Distillery.
 20707 | Orc:2    | Reached skill level 5 in Short Blades
 20723 | Orc:2    | Bought a potion of cancellation for 88 gold pieces
 20723 | Orc:2    | Bought a potion of magic for 88 gold pieces
 20723 | Orc:2    | Bought a potion of curing for 33 gold pieces
 20723 | Orc:2    | Bought a potion of curing for 33 gold pieces
 20723 | Orc:2    | Bought a potion of haste for 110 gold pieces
 20774 | Orc:2    | Noticed an orc warlord
 20896 | Orc:1    | Gained mutation: You are clumsy. (Dex -2) [a neqoxec]
 21096 | Orc:2    | Found Nugaedif's Book Shoppe.
 21105 | Orc:2    | Found a roughly hewn altar of Beogh.
 21128 | Orc:2    | Found Zoism's Armour Emporium.
 21169 | Orc:2    | Bought a +1 pair of boots for 149 gold pieces
 21811 | Orc:2    | Found Cumergh's Book Shoppe.
 22429 | Lair:4   | Offered knowledge of Venom Bolt by Vehumet.
 22429 | Lair:4   | Reached skill level 5 in Shields
 22619 | Lair:4   | Found a sacrificial altar of Ru.
 22941 | Lair:5   | Found a staircase to the Slime Pits.
 22941 | Lair:5   | Found a viscous altar of Jiyva.
 22954 | Lair:5   | Reached skill level 11 in Conjurations
 24356 | Lair:6   | Entered Level 6 of the Lair of Beasts
 24442 | Lair:6   | Reached skill level 5 in Fighting
 24569 | Lair:6   | Reached skill level 12 in Conjurations
 24677 | Lair:6   | Noticed tstbtto's ghost (journeyman HOFi)
 24692 | Lair:6   | Killed tstbtto's ghost
 24838 | Lair:6   | Slain by a komodo dragon

Vault maps used:
D:1:      minmay_arrival_widening_spiral_narrow, minivault_27
D:2:      ashenzari_conservatory_becter, grunt_temple_overflow_open,
          grunt_ministairs_2
D:3:      kennysheep_nondescript, minmay_misc_feat_pillars
D:4:      nicolae_gozag_cash_rules_everything_around_me, first_bread,
          nicolae_ru_awakened_eye
D:5:      lemuel_doored_altar, serial_shops, nicolae_shop_waterfront,
          lemuel_flame_loot_1
D:6:      basic_altar, corexii_shack, uniq_edmund, uniq_blork_the_orc
D:8:      serial_shops, shop, david_nohive_1
D:9:      zin_academy, elyvilon_altar_4, marbit_many_paths, serial_shops, shop,
          uniq_psyche
D:10:     eino_house_with_fridge
D:11:     lair_0_dummy, david_orc_3
Lair:1:   eino_small_chamber_without_monster, uniq_gastronok
Lair:2:   serial_bayou_pond_d
Lair:3:   swamp_mist_pool, minmay_snake_entry_guardpost_large, basic_altar,
          grunt_megastairs_2, infiniplex_staircase_pool_2
Lair:4:   basic_altar, lemuel_centaur_altar, grunt_megastairs_3
Lair:5:   dragon1_lemuel, slime_altar_1, serial_bayou, serial_bayou_pond_d,
          serial_bayou_lagoon_a, serial_bayou_pond_c, serial_bayou_shore_b,
          nicolae_lair_grove_arrangements, lemuel_fruit_fields
Lair:6:   grunt_lair_end_beastmaster, grunt_forest_stairs_basic
Orc:1:    trog_book
Orc:2:    grunt_orc_community_town_hall, grunt_orc_community_big_house_1,
          grunt_orc_community_big_house_1, grunt_orc_community_house_2,
          grunt_orc_community_house_2, grunt_orc_community_house_3,
          grunt_orc_community_house_3, serial_shops, shop_fountains,
          nicolae_shop_statue_plus, shop_statue, shop, shop_fountains,
          david_defended_altar_orc

Skill      XL: |  1  2  3  4  5  6  7  8  9 10 11 12 13 |
---------------+----------------------------------------+-----
Dodging        | 3 4 6 7 8 |  8.2
Hexes          | 1 2 4 5 6 7 9 |  9.4
Conjurations   | 5 7 9 10 12 | 12.0
Fighting       | 1 3 4 5 |  5.3
Short Blades   | 1 3 4 5 |  5.6
Charms         | 5 7 8 9 |  9.1
Spellcasting   | 4 9 10 | 10.6
Stealth        | 3 6 7 |  7.8
Shields        | 4 5 |  5.0
Ice Magic      | 7 |  7.4
Armour         | 1 3 4 |  4.6
Evocations     | 1 8 |  8.2
Summonings     | 5 |  5.2

Action                   |  1- 3 |  4- 6 |  7- 9 | 10-12 | 13-15 || total
-------------------------+-------+-------+-------+-------+-------++-------
Melee: Dagger            |       |     6 |    23 |   122 |    35 ||   186
       Kick              |       |       |       |    20 |     4 ||    24
Throw: Throwing net      |       |       |       |       |     1 ||     1
 Cast: Magic Dart        |    72 |   169 |   269 |   452 |   207 ||  1169
       Searing Ray       |       |     6 |     4 |     1 |       ||    11
       Iskenderun's Batt |       |       |    23 |    86 |    58 ||   167
       Dazzling Spray    |       |       |    17 |    70 |    88 ||   175
       Iskenderun's Myst |       |       |    11 |    73 |    45 ||   129
       Apportation       |       |       |       |     5 |     1 ||     6
       Metabolic Englaci |       |       |       |     1 |     2 ||     3
       Fulminant Prism   |       |       |       |     1 |       ||     1
 Abil: Evoke Blink       |       |       |       |     2 |    16 ||    18
Evoke: Wand              |       |       |       |       |     3 ||     3
  Use: Scroll            |     2 |     6 |    12 |    14 |     8 ||    42
       Potion            |       |       |     1 |     5 |     3 ||     9
 Stab: Invisible         |       |       |     2 |     5 |     5 ||    12
       Sleeping          |       |       |     3 |     3 |       ||     6
  Eat: Chunk             |     2 |    10 |    16 |    36 |    15 ||    79
       Beef jerky        |       |     1 |     1 |     1 |     2 ||     5
       Fruit             |       |       |     4 |     3 |     7 ||    14
       Bread ration      |       |       |     2 |       |       ||     2
       Royal jelly       |       |       |       |     4 |     1 ||     5
       Pizza             |       |       |       |     2 |       ||     2
Armor: Robe              |     1 |     6 |    23 |    34 |    13 ||    77
       Troll leather arm |       |       |       |     8 |    12 ||    20
Dodge: Dodged            |     4 |    34 |    79 |   166 |    54 ||   337
Block: Other             |       |       |     7 |       |       ||     7
       Reflection        |       |       |     1 |     9 |     4 ||    14
       Buckler           |       |       |    29 |   113 |    45 ||   187
